[Event "Early-Titled-Tuesday-Blitz-September-05-2023"]
[Site "Chess.com"]
[Date "2023.09.05"]
[Round "4"]
[White "LoaySameer"]
[Black "PepeCuenca"]
[Result "1-0"]
[WhiteElo "2549"]
[BlackElo "2710"]
[TimeControl "180+1"]
[EndTime "8:37:32 PDT"]
[Termination "LoaySameer won by resignation"]

1. Nf3 Nf6 2. g3 d5 3. Bg2 e6 4. O-O Be7 5. d3 O-O 6. Nbd2 c5 7. e4 Nc6 8. Re1 b5 9. exd5 exd5 10. d4 c4 11. Nf1 h6 12. a4 b4 13. Ne5 Bb7 14.
Ne3 Rc8 15. Nf5 Bd6 16. Nxd6 Qxd6 17. Bf4 Qd8 18. Qd2 Re8 19. Nxc6 Rxc6 20. Qxb4 Rb6 21. Qa3 Ne4 22. Bxe4 dxe4 23. Be3 Bd5 24. a5 Rb5 25. a6 Qd7 26. Qa4 Reb8 27. b3 cxb3 28. c4 b2 29.
Rab1 Bxc4 30. Qxc4 Rb4 31. Qc2 Qd5 32. Qc5 Qa2 33.
Qxa7 R8b6 34. Qa8+ Rb8 35. Qxe4 Qxa6 36. Qc2 Qa2 37.
Qd2 Ra4 38. d5 Qb3 39. d6 Raa8 40. Bd4 Qb5 41. Rxb2 1-0

[Event "Early-Titled-Tuesday-Blitz-September-05-2023"]
[Site "Chess.com"]
[Date "2023.09.05"]
[Round "4"]
[White "Trendle"]
[Black "aghasiyevkamal"]
[Result "0-1"]
[WhiteElo "2695"]
[BlackElo "2539"]
[TimeControl "180+1"]
[EndTime "8:37:32 PDT"]
[Termination "aghasiyevkamal won by resignation"]

1. e4 e5 2. Nf3 Nc6 3. Bc4 Bc5 4. c3 Nf6 5. d3 d6 6. Nbd2 a5 7. a4 h6 8. h3 Be6 9. Bb5 Bd7 10. Nf1 Ne7 11.
Bc4 Ng6 12. Ng3 O-O 13. O-O Be6 14. Bxe6 fxe6 15. d4 Bb6 16. Qb3 Qe7 17. dxe5 Nxe5 18. Nd4 d5 19. exd5 exd5 20. Be3 Nc4 21. Ndf5 Qd7 22. Bxb6 Nxb6 23. Rad1 Rae8 24. Rfe1 Rxe1+ 25. Rxe1 Re8 26. Rd1 Re5 27. Ne3 Qe6 28. Qb5 d4 29.
Qd3 dxe3 30. Qd8+ Kh7 31. Qxc7 exf2+ 32. Kxf2 Nbd5 33. Qxb7 Rg5 34. Nf1 Ne4+ 35. Kg1 Qxh3 36. Ne3 Qxe3+ 0-1

[Event "Early-Titled-Tuesday-Blitz-September-05-2023"]
[Site "Chess.com"]
[Date "2023.09.05"]
[Round "4"]
[White "Ali_rastbod"]
[Black "Duong57"]
[Result "1-0"]
[WhiteElo "2674"]
[BlackElo "2464"]
[TimeControl "180+1"]
[EndTime "8:37:32 PDT"]
[Termination "Ali_rastbod won by resignation"]

1. e4 c5 2. Nf3 d6 3. g3 Nf6 4.
Qe2 Nc6 5. h3 e6 6. Bg2 Be7 7.
O-O O-O 8. c3 e5 9. Rd1 Re8 10.
d4 exd4 11. cxd4 Bf8 12. Nc3 Qb6 13. d5 Nd4 14. Qd3 Nxf3+ 15. Qxf3 Nd7 16. Qe2 f5 17. Kh2 a6 18. Bf4 h6 19. Qh5 Nf6 20. Qg6 fxe4 21. Nxe4 Nxe4 22. Qxe8 Nf6 23. Qg6 Bd7 24.
Rab1 Be8 25. Qf5 Qd8 26. b4 Bd7 27. Qg6 Be8 28. Qd3 b5 29. bxc5 dxc5 30. d6 Ra7 31.
Be5 Nd7 32. Ba1 Bf7 33. a3 c4 34. Qd4 Qb6 35. Qxb6 Nxb6 36. Bd4 1-0

[Event "Early-Titled-Tuesday-Blitz-September-05-2023"]
[Site "Chess.com"]
[Date "2023.09.05"]
[Round "4"]
[White "Fleetw00dMac"]
[Black "Boxerandchessplayer"]
[Result "1-0"]
[WhiteElo "2466"]
[BlackElo "2078"]
[TimeControl "180+1"]
[EndTime "8:37:32 PDT"]
[Termination "Fleetw00dMac won by resignation"]

1. d4 d5 2. c4 e6 3. Nc3 h6 4.
e4 dxe4 5. Nxe4 Bb4+ 6. Nc3 Nf6 7. Nf3 O-O 8. Bd3 c5 9. O-O Nc6 10. dxc5 Bxc5 11. a3 a5 12. h3 b6 13. Na4 Ba6 14.
Nxc5 bxc5 15. Be3 Qb6 16. Rb1 Rfd8 17. Qc2 Rac8 18. Rfc1 e5 19. Bf1 Nd4 20. Bxd4 exd4 21. Bd3 Bb7 22. Ne5 Re8 23. Re1 Qd6 24. f4 Nd7 25.
Bh7+ Kf8 26. Bf5 Bc6 27. Bxd7 Bxd7 28. Qh7 Re6 29. Qh8+ Ke7 30. Qxg7 Kd8 31. Nxf7+ 1-0

[Event "Early-Titled-Tuesday-Blitz-September-05-2023"]
[Site "Chess.com"]
[Date "2023.09.05"]
[Round "4"]
[White "IngOscarArdila"]
[Black "Aureliano-Buendia"]
[Result "1-0"]
[WhiteElo "2410"]
[BlackElo "2642"]
[TimeControl "180+1"]
[EndTime "8:37:33 PDT"]
[Termination "IngOscarArdila won by resignation"]

1. d4 Nf6 2. c4 e6 3. Nc3 Bb4 4. Bd2 b6 5. Nf3 Bb7 6. e3 c5 7. Be2 O-O 8. O-O cxd4 9. Nxd4 a6 10. Bf3 Qc7 11. Ncb5 axb5 12. Bxb4 d6 13. Nxb5 Bxf3 14.
Qxf3 Qxc4 15. Qxa8 Qxb5 16. Bxd6 Re8 17. Bxb8 Nd7 18. Qe4 Rxb8 19. Qd4 Nf6 20. a4 Qb3 21. Ra3 Qc2 22. Rc3 Qe2 23. Rc7 h6 24. h3 Nd5 25.
Ra7 Rc8 26. e4 Rc4 27. Qd1 Qxe4 28. Re1 Qg6 29. b3 Rc3 30. b4 Nf4 31. Qg4 Qf6 32. Ra8+ Kh7 33. a5 bxa5 34. bxa5 Rc2 35. Qf3 g5 36.
Qe4+ Kg7 37. Qxc2 1-0

[Event "Early-Titled-Tuesday-Blitz-September-05-2023"]
[Site "Chess.com"]
[Date "2023.09.05"]
[Round "4"]
[White "artooon"]
[Black "SashaKuzhilniy"]
[Result "1-0"]
[WhiteElo "3042"]
[BlackElo "2616"]
[TimeControl "180+1"]
[EndTime "8:37:34 PDT"]
[Termination "artooon won by checkmate"]

1. e4 c5 2. Nf3 d6 3. d4 cxd4 4. Nxd4 Nf6 5. Nc3 Nc6 6. Bg5 e6 7. Bb5 Bd7 8. Qd3 Be7 9. O-O-O Nxd4 10. Bxd7+ Nxd7 11. Bxe7 Kxe7 12. Qxd4 Qb6 13. Qd2 Nf6 14. f4 Rhd8 15. g4 Nxg4 16. Rhg1 Ne3 17. Na4 Qc6 18.
Qxe3 Qxa4 19. Rxg7 Qxa2 20. f5 Qa1+ 21. Kd2 Qxb2 22. Rdg1 Rac8 23. Qd3 Qe5 24. fxe6 Qxe6 25. Qb5 Rd7 26. Kd1 Rc5 27. Qf1 Rdc7 28. R1g2 Rc4 29. Rf2 Rd4+ 30. Kc1 Kf8 31. Qg2 Rxe4 32. Rg8+ Ke7 33.
Qg5+ Kd7 34. Qb5+ Rc6 35. Qxb7+ Rc7 36. Qb5+ Ke7 37. Re8# 1-0

[Event "Early-Titled-Tuesday-Blitz-September-05-2023"]
[Site "Chess.com"]
[Date "2023.09.05"]
[Round "4"]
[White "Magila31"]
[Black "Ginger_GM"]
[Result "0-1"]
[WhiteElo "2436"]
[BlackElo "2611"]
[TimeControl "180+1"]
[EndTime "8:37:34 PDT"]
[Termination "Ginger_GM won by resignation"]

1. d4 e6 2. c4 f5 3. g3 Nf6 4.
Bg2 Be7 5. Nf3 O-O 6. O-O d6 7. Nc3 a5 8. b3 Ne4 9. Bb2 Nxc3 10. Bxc3 Qe8 11. Nd2 c6 12. f4 d5 13. e3 Nd7 14.
Qe2 Nf6 15. a4 b6 16. Rfb1 c5 17. Bb2 Bb7 18. Rc1 Qd7 19. Ba3 Rac8 20. dxc5 bxc5 21. cxd5 exd5 22. Bb2 Ne4 23. Nxe4 fxe4 24. Rd1 Qe6 25. Qb5 Rb8 26. Qxa5 d4 27. exd4 Qxb3 28. Qc3 Qe6 29.
dxc5 Bf6 30. Qc2 e3 31. Bxf6 Qxf6 32. Rab1 Bxg2 33. Qxg2 Rxb1 34. Rxb1 Qc3 35. Qd5+ Kh8 36. c6 e2 37. Kf2 Re8 38. Re1 Qe3+ 39. Kg2 Qb6 40. Qd7 Rd8 41. c7 Qb7+ 0-1

[Event "Early-Titled-Tuesday-Blitz-September-05-2023"]
[Site "Chess.com"]
[Date "2023.09.05"]
[Round "4"]
[White "Fh2411"]
[Black "Ducke13"]
[Result "1-0"]
[WhiteElo "2607"]
[BlackElo "2415"]
[TimeControl "180+1"]
[EndTime "8:37:37 PDT"]
[Termination "Fh2411 won on time"]

1. d4 Nf6 2. Nf3 g6 3. Bf4 Bg7 4. e3 b6 5. a4 a5 6. h3 Bb7 7. Be2 d6 8. O-O Nbd7 9. c3 O-O 10. Na3 Ne4 11. Nb5 Kh8 12. Bh2 Ndf6 13. Qc2 Qd7 14. Rfd1 Bh6 15. c4 Nxf2 16. Kxf2 Ne4+ 17. Kf1 Bxe3 18. d5 f5 19. Nbd4 e5 20. Ne6 Rf6 21.
Nxe5 dxe5 22. Bxe5 Qe7 23. Bf3 Kg8 24. Bxf6 Ng3+ 25.
Ke1 Qxf6 26. Ra3 f4 27. Qc3 Kf7 28. Qxf6+ Kxf6 29. Nxc7 Rc8 30. d6 Bxf3 31. gxf3 Rd8 32. d7 Bc5 33. Rad3 Ke7 34. Nd5+ 1-0

[Event "Early-Titled-Tuesday-Blitz-September-05-2023"]
[Site "Chess.com"]
[Date "2023.09.05"]
[Round "4"]
[White "Aygehovit1992"]
[Black "Murad_Ibrahimli"]
[Result "0-1"]
[WhiteElo "2700"]
[BlackElo "2864"]
[TimeControl "180+1"]
[EndTime "8:37:38 PDT"]
[Termination "Murad_Ibrahimli won by resignation"]

1. e4 e5 2. Nf3 Nc6 3. Bb5 a6 4. Ba4 Nf6 5. O-O Be7 6. d3 b5 7.
Bb3 O-O 8. Nc3 d6 9. a3 Rb8 10. h3 h6 11. Ne2 Be6 12. c3 Re8 13. Bxe6 fxe6 14. b4 d5 15. Ng3 a5 16. Qb3 Ra8 17.
Be3 Kh8 18. bxa5 Rxa5 19. a4 bxa4 20. Rxa4 Rxa4 21. Qxa4 Qa8 22. Ra1 Qxa4 23. Rxa4 Bd6 24. c4 d4 25. Bd2 Nd7 26. Ne1 Rb8 27. Ra6 Nd8 28. Ne2 Kh7 29. Ra2 Rb1 30. Kf1 Nb7 31. Nc1 Nbc5 32. Ke2 Nb6 33. Nc2 Nba4 34. Ra1 Rb2 35.
Kd1 Be7 36. g3 h5 37. h4 Kg6 38.
f3 Kf7 39. Nb4 Nc3+ 40. Bxc3 dxc3 41. Ra2 Rxb4 42. Kc2 Rb2+ 43. Rxb2 cxb2 44. Kxb2 g5 45. hxg5 Bxg5 46. f4 exf4 47. d4 fxg3 0-1

[Event "Early-Titled-Tuesday-Blitz-September-05-2023"]
[Site "Chess.com"]
[Date "2023.09.05"]
[Round "4"]
[White "LileKoridze"]
[Black "Witty_Alien"]
[Result "1-0"]
[WhiteElo "2362"]
[BlackElo "2188"]
[TimeControl "180+1"]
[EndTime "8:37:39 PDT"]
[Termination "LileKoridze won on time"]

1. d4 e5 2. dxe5 d6 3. exd6 Bxd6 4. c3 Nf6 5. Nf3 Nc6 6. e3 Bg4 7. Be2 Qd7 8. h3 Bf5 9. Nd4 Nxd4 10. exd4 O-O-O 11.
O-O Bxh3 12. gxh3 Qxh3 13. f4 Qg3+ 14. Kh1 h5 15. Rf3 Qh4+ 16. Kg2 Ng4 17. Qh1 Qe7 18. Bd3 Kb8 19. Bd2 g5 20. fxg5 h4 21. Qe1 h3+ 22. Kh1 Qf8 23. Qg1 Nh2 24. Rf2 Qe8 25. d5 Qe5 26. Qe1 Qxd5+ 27. Be4 Qe5 28. Bf4 Qxf4 29. Rxf4 Bxf4 30. Na3 Rd2 31. Nc4 Rhd8 32. Nxd2 Rxd2 33. Rd1 Ng4 34. Rxd2 Bxd2 35. Qxd2 1-0

[Event "Early-Titled-Tuesday-Blitz-September-05-2023"]
[Site "Chess.com"]
[Date "2023.09.05"]
[Round "4"]
[White "PeshkaCh"]
[Black "Beca95"]
[Result "0-1"]
[WhiteElo "2791"]
[BlackElo "2987"]
[TimeControl "180+1"]
[EndTime "8:37:41 PDT"]
[Termination "Beca95 won on time"]

1. Nf3 Nf6 2. c4 e6 3. g3 a6 4. Bg2 b5 5. cxb5 axb5 6. O-O Bb7 7. d4 h6 8. a3 Be7 9. Bf4 O-O 10. Nc3 c6 11. Nd2 d5 12. e4 Nbd7 13. Re1 Nb6 14. Rc1 Nc4 15. Nxc4 bxc4 16. Qc2 Qb6 17.
Rcd1 Rfe8 18. Qd2 Bf8 19. e5 Nd7 20. g4 c5 21. Ne2 cxd4 22. Nxd4 Nc5 23. Be3 Nd3 24. Re2 Nxe5 25. g5 hxg5 26. Nf3 Nxf3+ 27. Bxf3 Qa5 28. Qc2 Bc6 29. Bxg5 Ba4 30. Qc1 Bxd1 31. Qxd1 Be7 32. Bd2 Qa4 33. Qe1 Bf6 34. h4 Bxb2 35. h5 Bf6 36. h6 g6 37. Bg4 c3 38. Bxe6 Rxe6 39. Rxe6 Qg4+ 40. Kh1 Qxe6 41. h7+ Kxh7 42. Bxc3 Qxe1+ 43. Bxe1 Rxa3 0-1

[Event "Early-Titled-Tuesday-Blitz-September-05-2023"]
[Site "Chess.com"]
[Date "2023.09.05"]
[Round "4"]
[White "H_E_D_G_E_H_O_G"]
[Black "Ncatt"]
[Result "1/2-1/2"]
[WhiteElo "2062"]
[BlackElo "2449"]
[TimeControl "180+1"]
[EndTime "8:37:41 PDT"]
[Termination "Game drawn by repetition"]

1. d4 Nf6 2. Nf3 d5 3. Bf4 c5 4. e3 Nc6 5. Nbd2 Bf5 6. dxc5 e6 7. Nd4 Bxc5 8. Nxf5 exf5 9. c3 O-O 10. Be2 Re8 11. Bg5 h6 12. Bxf6 Qxf6 13. g3 Rad8 14. Nb3 Bb6 15. Nd4 Ne5 16. a4 Qg5 17. f4 Qf6 18.
fxe5 Qxe5 19. Qd3 Qxe3 20. Qxe3 Rxe3 21. Kd2 Rde8 22. Bd3 g6 23. Rhe1 Rxe1 24. Rxe1 Rxe1 25. Kxe1 Kg7 26. b4 h5 27. a5 Bc7 28. Nf3 Kf6 29. Kf2 g5 30. h4 g4 31. Nd4 f4 32.
gxf4 Bxf4 33. b5 Bd2 34. Ne2 b6 35. a6 Ke5 36. Bh7 f5 37. Bg6 f4 38. Bxh5 f3 39.
Bxg4 fxe2 40. Kxe2 Bxc3 41. Kd3 Ba1 42. h5 Kd6 43. h6 Be5 44. h7 Ke7 45. Bf3 Kd6 46. Be2 Ke7 47. Ke3 Kf6 48. Kf3 Kg6 49. Bd3+ Kf7 50.
Kg4 Bd4 51. Kf5 Ke7 52. Kg6 Kf8 53. Kf5 Ke7 54. Bc2 Ba1 55. Kg6 Kf8 56. Bb3 Ke7 57.
Bxd5 Kf8 58. Kf5 Ke7 59. Ke4 Kd6 60. Bc4 Bb2 61. Kf5 Ke7 62. Kg6 Kf8 63. Bd5 Ba1 64. Be4 Bb2 65. Bf3 Ba1 66. Be2 Bb2 67. Bd1 Ba1 68.
Bc2 Bb2 69. Bb3 Ba1 70. Bc4 Bb2 71. Bd5 Ba1 1/2-1/2

[Event "Early-Titled-Tuesday-Blitz-September-05-2023"]
[Site "Chess.com"]
[Date "2023.09.05"]
[Round "4"]
[White "the-gambler"]
[Black "Casper"]
[Result "0-1"]
[WhiteElo "2511"]
[BlackElo "2423"]
[TimeControl "180+1"]
[EndTime "8:37:43 PDT"]
[Termination "Casper won on time"]

1. Nf3 Nf6 2. b3 b6 3. Bb2 Bb7 4. e3 e6 5. c4 Be7 6. Nc3 O-O 7. Qc2 d5 8. Be2 Nc6 9. cxd5 Nb4 10. Qb1 Nbxd5 11.
O-O Nxc3 12. Bxc3 Qd5 13. d3 Bd6 14. e4 Qc6 15. Rc1 Ba3 16. Bb2 Bc5 17. b4 Bxf2+ 18.
Kxf2 Ng4+ 19. Kg3 Qd6+ 20. e5 Qd5 21. Kxg4 f6 22. exf6 gxf6 23. Kg3 Rf7 24. Kf2 a5 25. a3 Rg7 26. Qc2 Qh5 27. Qc4 Bd5 28. Qf4 e5 29. Qe3 Kf7 30. Rxc7+ Kg8 31. Rxg7+ Kxg7 0-1

[Event "Early-Titled-Tuesday-Blitz-September-05-2023"]
[Site "Chess.com"]
[Date "2023.09.05"]
[Round "4"]
[White "ZuraTqebuchava"]
[Black "Vaibhavraut99"]
[Result "0-1"]
[WhiteElo "2267"]
[BlackElo "2571"]
[TimeControl "180+1"]
[EndTime "8:37:43 PDT"]
[Termination "Vaibhavraut99 won on time"]

1. e4 c5 2. Nf3 d6 3. Bb5+ Bd7 4.
Bxd7+ Nxd7 5. O-O Ngf6 6. Re1 e5 7. c3 Be7 8. d4 cxd4 9. cxd4 O-O 10. Bg5 h6 11. Bh4 Re8 12. dxe5 Nxe5 13. Nxe5 dxe5 14. Bxf6 Bxf6 15. Nc3 Be7 16. Qxd8 Rexd8 17. Nd5 Bc5 18. Rac1 Bd4 19. b3 Kf8 20. Rc4 Rac8 21. Rec1 Rxc4 22. Rxc4 f5 23. Nc7 Kf7 24. exf5 Bb6 25. g3 Rd2 26. a4 Bxf2+ 27. Kg2 Bb6+ 28. Kh3 h5 29. Ne6 Bg1 30. Ng5+ Kf8 31. Nf3 Rd1 32. Nxg1 Rxg1 33. Rc7 e4 34. Rxb7 e3 35. Rb8+ Kf7 36. Rb7+ Kf6 37. Rxa7 e2 38. Ra6+ Kxf5 39. Ra5+ Ke4 40. Ra8 Kd3 41. Rd8+ Kc2 42. Re8 e1=Q 43. Rxe1 Rxe1 44. b4 Re4 45. a5 Rxb4 46. a6 Ra4 47. a7 g5 0-1

[Event "Early-Titled-Tuesday-Blitz-September-05-2023"]
[Site "Chess.com"]
[Date "2023.09.05"]
[Round "4"]
[White "nss13"]
[Black "AlexandraSamaganova"]
[Result "1-0"]
[WhiteElo "2501"]
[BlackElo "2282"]
[TimeControl "180+1"]
[EndTime "8:37:44 PDT"]
[Termination "nss13 won on time"]

1. e4 c5 2. Nf3 e6 3. d4 cxd4 4. Nxd4 a6 5. c4 Qc7 6. Nc3 Nf6 7. Be2 b6 8. O-O Bb7 9. f3 d6 10. Be3 Nbd7 11. Qd2 Rc8 12. Rfc1 Be7 13. a4 O-O 14. a5 Nc5 15. axb6 Qb8 16. b4 Ncd7 17. b5 Nc5 18. bxa6 Bxa6 19. Rcb1 Qb7 20. Na4 Nxa4 21. Rxa4 Ra8 22. Nb3 Qd7 23. Raa1 Rfc8 24. Kh1 h6 25. Bf1 Bb7 26. Na5 d5 27. e5 Ne8 28. Nxb7 Qxb7 29. cxd5 exd5 30. Rxa8 Rxa8 31. Bb5 f6 32. Qc2 Rc8 33.
Qa4 Kf8 34. Ba6 Qb8 35. Bxc8 Qxc8 36. b7 Qb8 37. Ba7 1-0

[Event "Early-Titled-Tuesday-Blitz-September-05-2023"]
[Site "Chess.com"]
[Date "2023.09.05"]
[Round "4"]
[White "realburq"]
[Black "dosto07"]
[Result "1-0"]
[WhiteElo "2402"]
[BlackElo "2499"]
[TimeControl "180+1"]
[EndTime "8:37:45 PDT"]
[Termination "realburq won by resignation"]

1. Nf3 d5 2. b3 Nf6 3. Bb2 Bg4 4. Ne5 Bf5 5. g3 Nbd7 6. Bg2 e6 7. O-O Nxe5 8. Bxe5 Bd6 9. Bxd6 Qxd6 10. d3 O-O 11. c4 c6 12. Qc1 a5 13. Nd2 a4 14.
Qc3 d4 15. Qb2 Qb4 16. Rfc1 a3 17. Qc2 e5 18. c5 Ra5 19. Qc4 Qxc4 20. Nxc4 Raa8 21.
Nxe5 Rfe8 22. f4 Nd7 23. Nxd7 Bxd7 24. Kf2 Bg4 25. Bf3 Bxf3 26. Kxf3 Re3+ 27. Kf2 Rae8 28. Re1 h5 29. Rac1 h4 30. Rc4 hxg3+ 31. hxg3 Rd8 32.
Rxd4 Rxe2+ 33. Rxe2 Rxd4 34. Re8+ Kh7 35. Ke3 Rd5 36.
d4 Rh5 37. Ra8 Rh3 38. Kf3 Rh1 39. Rxa3 Rd1 40. Ra7 Rxd4 41. Rxb7 Rd5 42. b4 Rd4 43. a4 Kg6 44. a5 Rd3+ 45. Ke4 Ra3 46. Rb6 f5+ 47. Ke5 Rxg3 48. Rxc6+ Kh5 49. a6 Ra3 50. b5 Kg4 51. Rg6+ Kf3 52. Kxf5 Ra5 53. Rb6 Ra4 54. c6 Rxf4+ 55. Kg6 Rg4+ 56. Kf7 Rf4+ 57. Ke6 1-0

[Event "Early-Titled-Tuesday-Blitz-September-05-2023"]
[Site "Chess.com"]
[Date "2023.09.05"]
[Round "4"]
[White "WPWPWP-2015"]
[Black "ChEsper99"]
[Result "1-0"]
[WhiteElo "2561"]
[BlackElo "2183"]
[TimeControl "180+1"]
[EndTime "8:37:46 PDT"]
[Termination "WPWPWP-2015 won on time"]

1. e4 c5 2. Nf3 d6 3. d4 cxd4 4.
Nxd4 Nf6 5. Nc3 a6 6. Bg5 Nbd7 7. Qe2 Qc7 8. O-O-O b5 9. Nd5 Nxd5 10. exd5 h6 11. Bh4 g5 12. Bg3 Nf6 13. h4 g4 14. h5 Bg7 15. f3 Nxd5 16. fxg4 Nf6 17. Nf5 Bxf5 18. gxf5 Nd7 19. Bxd6 Qd8 20. Ba3 Bf6 21. Kb1 O-O 22. Rh3 Qc7 23. Rhd3 Nb6 24. b3 a5 25. Bb2 Bxb2 26.
Kxb2 a4 27. Qg4+ Kh7 28. f6 a3+ 29. Kb1 exf6 30. Qf5+ Kh8 31. Qxf6+ Kh7 32. Qf5+ Kh8 33. Qf6+ Kh7 34. Rd6 Na4 35. Bd3+ 1-0

[Event "Early-Titled-Tuesday-Blitz-September-05-2023"]
[Site "Chess.com"]
[Date "2023.09.05"]
[Round "4"]
[White "FREDERICKtheMATE"]
[Black "sebastianmarinp"]
[Result "1/2-1/2"]
[WhiteElo "2535"]
[BlackElo "2407"]
[TimeControl "180+1"]
[EndTime "8:37:46 PDT"]
[Termination "Game drawn by repetition"]

1. Nf3 Nf6 2. d4 d5 3. c4 c6 4. cxd5 cxd5 5. Nc3 Nc6 6. Bf4 a6 7. e3 e6 8. h3 Bd6 9. Ne5 Ne7 10. Bd3 O-O 11. O-O b5 12. Rc1 Bb7 13. g4 Rc8 14. Qe2 Bb8 15. Bh2 Nd7 16. f4 f6 17. Nxd7 Qxd7 18.
a3 Nc6 19. h4 Na5 20. g5 f5 21.
Na2 Nc4 22. Kf2 Bd6 23. Nb4 Bxb4 24. axb4 Qd6 25. b3 Nb6 26. Qd2 Rxc1 27. Rxc1 Rc8 28.
Rc5 Nd7 29. Rxc8+ Bxc8 30. Qc3 Bb7 31. Be2 Qc6 32. Qd2 Nb6 33. Bg3 Nc8 34. Kf1 Nd6 35. Be1 Ne4 36. Qb2 Qe8 37. Qc2 Qc6 38. Qxc6 Bxc6 39. Bh5 g6 40. Bf3 Kg7 41. Ke2 Nd6 42. h5 Ne4 43. h6+ Kf7 44. Kd3 Nd6 45. Bh4 Ne4 46.
Kc2 Nd6 47. Kc3 Ne4+ 48. Bxe4 dxe4 49. Be1 Bd5 50. Kb2 Ke7 51. Bc3 Kd6 52. Ka2 Kc6 53.
Ka3 Kd6 54. Ba1 Kc6 55. Bc3 Kd6 56. Bd2 Kc6 57. Be1 Kd6 58. Bg3 Kc6 59. Bh4 Kd6 60. Bf2 Kc6 61. Be1 Kd6 62. Bc3 Kc6 63. Bb2 Kd6 64.
Bc1 Kc6 65. Bd2 Kd6 66. Bc3 Kc6 67. Be1 1/2-1/2

[Event "Early-Titled-Tuesday-Blitz-September-05-2023"]
[Site "Chess.com"]
[Date "2023.09.05"]
[Round "4"]
[White "stasOR4ik"]
[Black "Larina_Maria"]
[Result "1-0"]
[WhiteElo "2476"]
[BlackElo "2207"]
[TimeControl "180+1"]
[EndTime "8:37:46 PDT"]
[Termination "stasOR4ik won by resignation"]

1. e4 c6 2. c4 d5 3. cxd5 cxd5 4.
exd5 Nf6 5. Nc3 Nxd5 6. Bc4 Nb6 7. Bb3 Bf5 8. Qf3 Qd7 9. g4 Be6 10. Bxe6 Qxe6+ 11. Nge2 Nc6 12. O-O g6 13. Nf4 Qd7 14. d3 Bg7 15. Nfd5 Ne5 16. Qe4 Nxd5 17. Qxd5 O-O-O 18. Qxd7+ Rxd7 19. g5 Nxd3 20. Be3 b6 21. Rab1 Kb7 22. Rfd1 Rhd8 23. Ne4 Nxb2 24. Rxd7+ Rxd7 25. a4 Nc4 26. Nc5+ Kc6 27. Nxd7 Nxe3 28. Nb8+ Kb7 29. fxe3 Kxb8 30. Rf1 f5 31. gxf6 exf6 32. e4 Kc7 33. Kf2 Kd6 34. Ke3 Kc5 35. Rc1+ Kb4 36. Rc7 a5 37. Rxg7 Kxa4 38. Rxh7 b5 39. Kd4 Kb3 40.
Rb7 b4 41. Kc5 Kc3 42. Ra7 b3 43. Rxa5 b2 44. Rb5 Kc2 45. Kd6 b1=Q 46. Rxb1 Kxb1 47. Ke6 Kc2 48. Kxf6 Kd3 49. e5 Kd4 50. e6 Ke3 51. e7 Kf2 52. e8=Q Kg2 53. Qxg6+ Kxh2 54. Kf5 1-0

[Event "Early-Titled-Tuesday-Blitz-September-05-2023"]
[Site "Chess.com"]
[Date "2023.09.05"]
[Round "4"]
[White "Rsnr"]
[Black "Mikhail_Golubev"]
[Result "1-0"]
[WhiteElo "2910"]
[BlackElo "2594"]
[TimeControl "180+1"]
[EndTime "8:37:47 PDT"]
[Termination "Rsnr won by checkmate"]

1. d4 Nf6 2. c4 g6 3. Nf3 Bg7 4.
g3 O-O 5. Bg2 d6 6. O-O Nbd7 7.
Nc3 e5 8. e4 Re8 9. h3 exd4 10.
Nxd4 Nc5 11. Re1 h6 12. Rb1 Bd7 13. b3 Qc8 14. Kh2 Re5 15. f4 Rh5 16. f5 gxf5 17.
Nd5 Nxd5 18. exd5 Rg5 19. Bxg5 hxg5 20. Qd2 Qd8 21. b4 Ne4 22. Bxe4 fxe4 23. Rxe4 Qf6 24. Rbe1 Rd8 25. Qe2 Qh6 26. Qg2 f5 27. Re6 Bxe6 28. Rxe6 Qh7 29. Re7 Bxd4 30. Rxh7 Kxh7 31. Qf3 Kg6 32.
g4 Be5+ 33. Kg2 Rf8 34. a4 Rf7 35. a5 fxg4 36. Qe4+ Kg7 37. Qxg4 Kg6 38. h4 Rf4 39. Qxg5+ Kf7 40. h5 Rxc4 41. h6 Rc2+ 42. Kf3 Rh2 43. Qf5+ Kg8 44. Qc8+ Kh7 45. Qxc7+ Kxh6 46. Qxb7 Rb2 47.
b5 Rb3+ 48. Ke4 Kg5 49. Qe7+ Bf6 50. Qxd6 Rxb5 51. Qg3+ Kh6 52. Kf5 Be7 53. Qg6# 1-0

[Event "Early-Titled-Tuesday-Blitz-September-05-2023"]
[Site "Chess.com"]
[Date "2023.09.05"]
[Round "4"]
[White "BlitzWizard04"]
[Black "Sanan_Sjugirov"]
[Result "1/2-1/2"]
[WhiteElo "2601"]
[BlackElo "2899"]
[TimeControl "180+1"]
[EndTime "8:37:47 PDT"]
[Termination "Game drawn - insufficient material"]

1. e4 e5 2. Nf3 Nc6 3. Bc4 Bc5 4. d4 Bxd4 5. Nxd4 Nxd4 6. Be3 Ne6 7. Bxe6 dxe6 8.
Qh5 Qf6 9. Na3 Bd7 10. Nc4 Ne7 11. Qxe5 Qxe5 12. Nxe5 f6 13. Nxd7 Kxd7 14. O-O-O+ Kc6 15. f3 b6 16. c4 Rad8 17. b4 a6 18. Kc2 Ng6 19.
a4 Nh4 20. Rhg1 Rxd1 21. Kxd1 Rd8+ 22. Kc2 Kb7 23. Kc3 Ng6 24. g3 Ne5 25. f4 Rd3+ 26.
Kc2 Rxe3 27. fxe5 fxe5 28. Rf1 Re2+ 29. Kc3 Rxh2 30. Rf7 g6 31. c5 bxc5 32. bxc5 Rh3 33. Kc4 Rxg3 34. Rxh7 Re3 35. Rh4 g5 36. Rg4 Kc6 37. Kb4 Rd3 38. Rxg5 Rd4+ 39. Ka5 Rxe4 40. Rg6 Kxc5 41. Rxe6 c6 42. Re8 Kd6 43. Rd8+ Kc7 44. Ra8 Rd4 45. Rh8 e4 46. Rh7+ Kd6 47. Rh3 Kc5 48. Ra3 Rd3 49. Ra1 e3 50. Kxa6 e2 51. Re1 Rd2 52. a5 Ra2 53. Kb7 Rxa5 54. Rxe2 Kd6 55. Rd2+ Rd5 56. Rh2 Rb5+ 57. Ka6 Rb1 58.
Rh6+ Kc5 59. Rh5+ Kc4 60. Rh4+ Kd5 61. Rh5+ Kc4 62. Rh4+ Kc5 63. Rh5+ Kd6 64. Rh6+ Kd7 65. Rh7+ Ke6 66. Rh6+ Kd5 67. Rh5+ Ke4 68. Rc5 Ra1+ 69.
Kb6 Rb1+ 70. Kxc6 Rb4 71. Kd6 Rd4+ 72. Ke6 Rd3 73. Re5+ Kd4 74. Rd5+ Ke4 75. Rxd3 Kxd3 1/2-1/2

[Event "Early-Titled-Tuesday-Blitz-September-05-2023"]
[Site "Chess.com"]
[Date "2023.09.05"]
[Round "4"]
[White "ActorXu"]
[Black "WilsonPalencia21"]
[Result "1-0"]
[WhiteElo "2722"]
[BlackElo "2525"]
[TimeControl "180+1"]
[EndTime "8:37:47 PDT"]
[Termination "ActorXu won on time"]

1. e4 c5 2. Nf3 d6 3. Bb5+ Nd7 4. O-O Nf6 5. Re1 a6 6. Bf1 b6 7. c4 Bb7 8. Nc3 e6 9. d4 cxd4 10. Nxd4 Rc8 11. a4 Be7 12. f3 O-O 13. Be3 Qc7 14.
Qd2 Qb8 15. a5 bxa5 16. Rxa5 Bd8 17. Raa1 Bc7 18. g3 d5 19. exd5 exd5 20. cxd5 Rfe8 21. Bxa6 Bb6 22. Bxb7 Qxb7 23. Nf5 Ne5 24. Kg2 Nc4 25. Qd3 Bxe3 26. b3 Qxb3 27. Rab1 Nb2 28. Rxe3 Rxe3 29.
Qxe3 Rxc3 30. Qg5 Qc2+ 31. Kh3 Ne8 32. Re1 Qxf5+ 33. Qxf5 Nf6 34. Qe5 1-0

[Event "Early-Titled-Tuesday-Blitz-September-05-2023"]
[Site "Chess.com"]
[Date "2023.09.05"]
[Round "4"]
[White "Eloist"]
[Black "karinachess1"]
[Result "1-0"]
[WhiteElo "2449"]
[BlackElo "2592"]
[TimeControl "180+1"]
[EndTime "8:37:50 PDT"]
[Termination "Eloist won on time"]

1. e4 e5 2. Bc4 Nf6 3. d3 c6 4. Nf3 Be7 5. O-O d6 6. c3 O-O 7. Bb3 Nbd7 8. Re1 Nc5 9. Bc2 Bg4 10. h3 Bh5 11. Nbd2 Ne6 12. Nf1 Nf4 13. Ng3 Bg6 14.
Bxf4 exf4 15. Ne2 Nh5 16. Qd2 Bg5 17. g3 Bh6 18. g4 d5 19. e5 Qd7 20. Kg2 f6 21. e6 Qxe6 22. gxh5 Bxh5 23. Neg1 Qf7 24.
d4 f5 25. Re5 Qd7 26. Rae1 Rf7 27. Qe2 Raf8 28. Re7 Qd8 29. Rxf7 Bxf7 30. Qe7 Qb6 31. Bxf5 Qxb2 32. Bxh7+ Kxh7 33. Qxf8 Bg6 34. Re7 Be4 35. Rxe4 dxe4 36. Qf5+ Kg8 37. Qe6+ Kh8 38. Qxe4 Qxc3 39. Ne5 Qb2 40. Ngf3 b5 41. Qg6 1-0

[Event "Early-Titled-Tuesday-Blitz-September-05-2023"]
[Site "Chess.com"]
[Date "2023.09.05"]
[Round "4"]
[White "noblerone"]
[Black "GrigorGrigorov"]
[Result "0-1"]
[WhiteElo "2537"]
[BlackElo "2872"]
[TimeControl "180+1"]
[EndTime "8:37:50 PDT"]
[Termination "GrigorGrigorov won on time"]

1. d4 Nf6 2. Nf3 e6 3. Bg5 h6 4. Bh4 c5 5. e3 d5 6. c3 Nbd7 7.
Nbd2 Bd6 8. Bd3 O-O 9. O-O b6 10. e4 cxd4 11. cxd4 dxe4 12. Nxe4 Be7 13. Qe2 Bb7 14.
Bg3 Nxe4 15. Bxe4 Bxe4 16. Qxe4 Nf6 17. Qd3 Qd5 18. Rfd1 Rac8 19. Qa6 Qa8 20. Rac1 Nd5 21. a3 Bg5 22. Rxc8 Rxc8 23. h4 Bf6 24. Be5 Rc2 25.
Bxf6 Nxf6 26. b4 Ne4 27. Qd3 Rc3 28. Qa6 Rc7 29. Re1 Qd5 30. Qe2 Nd6 31. Qe3 Rc2 32. Rc1 Nc4 33. Qf4 Rxc1+ 34. Qxc1 b5 35. Qf4 a6 36.
Qb8+ Kh7 37. Qf4 f6 38. Qc1 Qe4 39. Qc3 Qb1+ 40. Kh2 Qd1 41. Kh3 Qe2 42. Kg3 Nd6 0-1